 Dungeon Crawl Stone Soup version 0.20.1-1-g8b1a95d (webtiles) character file.

431 Monsterracer the Chopper (level 6, -6/57 HPs)
             Began as a Deep Dwarf Fighter on Oct 27, 2017.
             Mangled by an orc wizard
             ... wielding a +1 dagger of electrocution
              (14 damage)
             ... on level 4 of the Dungeon.
             The game lasted 00:01:57 (1122 turns).

Monsterracer the Chopper (Deep Dwarf Fighter)       Turns: 1122, Time: 00:01:57

Health: -6/57      AC: 10    Str: 21    XL:     6   Next: 66%
Magic:  5/5        EV:  8    Int:  9    God:
Gold:   78         SH:  9    Dex: 12    Spells: 5/5 levels left

rFire    . . .     SeeInvis .   a - +0 war axe
rCold    . . .     Gourm    .   c - +0 shield
rNeg     . . .     Faith    .   b - +0 scale mail
rPois    .         Spirit   .   (no helmet)
rElec    .         Reflect  .   (no cloak)
rCorr    .         Harm     .   (no gloves)
MR       .....                  l - +2 pair of boots
Stlth    ..........             (no amulet)
Regen    0.0/turn               j - ring of flight
MPRegen  0.1/turn               (no ring)

@: non-regenerating
A: damage resistance, heal wounds, sense surroundings 1, no regeneration
a: Heal Wounds, Evoke Flight


You were on level 4 of the Dungeon.
You were not hungry.

You visited 1 branch of the dungeon, and saw 4 of its levels.

You collected 78 gold pieces.

Inventory:

Hand Weapons
 a - a +0 war axe (weapon)
Armour
 b - a +0 scale mail (worn)
 c - a +0 shield (worn)
 l - a +2 pair of boots (worn)
Jewellery
 j - a ring of flight (left hand)
Scrolls
 h - a scroll of recharging
 i - 3 scrolls of remove curse
 o - a scroll of blinking
 r - a scroll of teleportation
Potions
 d - a potion of might
 e - a potion of haste {unknown}
 g - a potion of brilliance {unknown}
 n - 4 potions of agility
Comestibles
 f - 2 bread rations
 p - 2 fruits
 s - a meat ration


   Skills:
 + Level 3.6 Fighting
 * Level 5.3 Axes
 + Level 4.4 Armour
 + Level 2.4 Dodging
 + Level 4.2 Shields


You had 5 spell levels left.
You didn't know any spells.

Dungeon Overview and Level Annotations

Branches:
Dungeon (4/15)
 Temple: D:4-7

Altars:


Innate Abilities, Weirdness & Mutations

You are resistant to damage.
You can heal yourself by infusing magical energy.
You passively map a small area around you.
You do not regenerate.


Message History

The iguana is severely wounded.
The iguana barely misses you. x2
You hit the iguana but do no damage.
The iguana is severely wounded.
You block the iguana's attack.
You hit the iguana.
The iguana is almost dead.
You block the iguana's attack.
An iguana is nearby!
You hit the iguana but do no damage.
The iguana is almost dead.
The iguana bites you! You block the iguana's attack.
You barely miss the iguana.
The iguana is severely wounded.
The iguana bites you!
You hit the iguana but do no damage.
The iguana is severely wounded.
The iguana bites you.
An iguana is nearby!
You hit the iguana.
The iguana is almost dead.
The iguana bites you.
An orc comes into view. It is wielding a dagger.
You closely miss the iguana.
The iguana is almost dead.
You block the iguana's attack. The iguana closely misses you.
You closely miss the iguana.
The iguana is almost dead.
You block the iguana's attack.
Your magical contamination has completely faded away.
You hit the iguana but do no damage.
The iguana is almost dead.
The iguana barely misses you.
An orc warrior comes into view. It is wielding a mace.
You barely miss the iguana.
The iguana is almost dead.
The orc warrior shouts!
The iguana bites you.
An orc wizard comes into view.
It is wielding a dagger of electrocution.
The orc wizard shouts!
You slash the iguana!
You kill the iguana!
Your Axes skill increases to level 5!
The orc wizard gestures wildly while chanting.
The orc wizard seems to speed up.
The orc completely misses you.
You feel much better.
The orc wizard moves out of view.
You block the orc's attack.
An orc comes into view. It is wielding a dagger.
You closely miss the orc.
The orc shouts!
The orc moves out of view.
The orc hits you with a dagger.
You slash the orc!
You kill the orc!
You block the orc warrior's attack.
You closely miss the orc warrior. You block the orc warrior's attack.
You closely miss the orc warrior. You block the orc warrior's attack.
You hit the orc warrior.
The orc warrior is lightly wounded.
You block the orc warrior's attack.
You hit the orc warrior.
The orc warrior is moderately wounded.
The orc wizard casts a spell.
The orc wizard blinks!
The orc warrior misses you.
You slash the orc warrior!
The orc warrior is severely wounded.
You block the orc warrior's attack.
You slash the orc warrior!
You kill the orc warrior!
The orc wizard gestures wildly while chanting.
The orc wizard blinks!
An orc comes into view. It is wielding a club.
The orc shouts!
Unknown command.
You block the orc's attack.
Items here: )) [ † a mace; a chain mail; a dagger; an iguana corpse You barely miss the orc.
The orc closely misses you.
You closely miss the orc. You block the orc's attack. x2
You slash the orc!
You kill the orc!
The orc wizard casts a spell at you. The magic dart hits you!
You closely miss the orc wizard. You block the orc wizard's attack.
The orc wizard hits you but does no damage.
You are electrocuted!
You closely miss the orc wizard.
The orc wizard hits you but does no damage.
The orc wizard hits you with a dagger of electrocution.
You are electrocuted!
You hit the orc wizard.
The orc wizard is lightly wounded.
The orc wizard hits you but does no damage. x2
You barely miss the orc wizard.
The orc wizard is lightly wounded.
The orc wizard hits you but does no damage.
You are electrocuted!
* * * LOW HITPOINT WARNING * * *
The orc wizard hits you but does no damage.
You are electrocuted!
You die...

* *, * * * , ##+## ,
##...## * , ,* ##
##.....## * . .##
##.......## *,... *
..####........(####.....
.....'.........'@oo.....
..####.†......:####..>..
..# ##....>..## ,#.#
..#* *##.....## ... ,
##...## ...# *##'## .#.#
* #.# * .#.#* #.# * ,*
#..** ,,


You could see an orc wizard and an orc.

Vanquished Creatures
  An orc warrior (D:4)
  The ghost of Irenicus the Insei, an amateur OpCK of Xom (D:3)
  2 orc wizards (D:4)
  2 worker ants (D:4)
  3 iguanas (D:4)
  3 adders
  A worm (D:4)
  A dart slug (D:1)
  2 leopard geckos (D:1)
  10 orcs (D:4)
  A giant cockroach (D:4)
  3 goblins (D:3)
  4 hobgoblins
  3 jackals (D:1)
  A kobold (D:3)
  A quokka (D:3)
  6 bats
  A frilled lizard (D:2)
  4 rats
50 creatures vanquished.

Notes
Turn   | Place    | Note
-------+----------+-------------------------------------------
     0 | D:1      | Monsterracer the Deep Dwarf Fighter began the quest for the Orb.
     0 | D:1      | Reached XP level 1. HP: 20/20 MP: 1/1
   317 | D:1      | Reached XP level 2. HP: 25/27 MP: 2/2
   537 | D:3      | Noticed Irenicus's ghost (amateur OpCK)
   558 | D:3      | Killed Irenicus's ghost
   558 | D:3      | Reached skill level 3 in Axes
   558 | D:3      | Reached skill level 1 in Dodging
   558 | D:3      | Reached XP level 3. HP: 19/34 MP: 3/3
   558 | D:3      | Reached XP level 4. HP: 24/42 MP: 4/4
   826 | D:4      | Reached skill level 4 in Axes
   826 | D:4      | Reached XP level 5. HP: 37/49 MP: 4/4
  1046 | D:4      | Reached XP level 6. HP: 56/56 MP: 5/5
  1104 | D:4      | Noticed an orc warrior
  1105 | D:4      | Reached skill level 5 in Axes
  1114 | D:4      | Killed an orc warrior
  1122 | D:4      | Mangled by an orc wizard

Skill      XL: |  1  2  3  4  5  6 |
---------------+-------------------+-----
Fighting       | 3 |  3.6
Axes           | 3 4 5 |  5.3
Dodging        | 1 2 |  2.4
Armour         | 4 |  4.4
Shields        | 4 |  4.2

Action                   |  1- 3 |  4- 6 || total
-------------------------+-------+-------++-------
Melee: War axe           |    62 |   122 ||   184
       Hand axe          |    16 |       ||    16
 Abil: Heal Wounds       |       |     4 ||     4
  Use: Scroll            |     1 |     6 ||     7
  Eat: Chunk             |       |     1 ||     1
Armor: Scale mail        |    69 |    57 ||   126
Dodge: Dodged            |    40 |    42 ||    82
Block: Shield            |    50 |    67 ||   117

Vault maps used:
D:1:      dpeg_arrival_solitude, minmay_misc_feat_secret_circle
D:2:      grunt_ministairs_1
D:3:      cheibrodos_greedy_goblins, grunt_decor_cap, uniq_robin
D:4:      chequers_big_river
